 Dungeon Crawl Stone Soup version 0.27.1-33-g824d729ab1 (webtiles) character file.

Game seed: 7326216750222966831

273 zeram the Shield-Bearer (level 6, 0/53 HPs)
             Began as a Gnoll Fighter on Nov 25, 2021.
             Engulfed by a steam dragon's steam (11 damage)
             ... on level 4 of the Dungeon.
             The game lasted 00:03:57 (3102 turns).

zeram the Shield-Bearer (Gnoll Fighter)             Turns: 3102, Time: 00:03:58

Health: 0/53       AC: 11    Str: 15    XL:     6   Next: 24%
Magic:  8/8        EV: 12    Int: 10    God:
Gold:   95         SH: 10    Dex: 11    Spells: 8/8 levels left

rFire    . . .     SeeInvis .   a - +0 war axe
rCold    + . .     Faith    .   c - +0 kite shield
rNeg     . . .     Spirit   .   b - +0 scale mail
rPois    .         Reflect  .   p - +0 helmet
rElec    .         Harm     .   f - scarf {+Inv}
rCorr    .         Rampage  .   o - +1 pair of gloves
Will     .....                  (no boots)
Stlth    ..........             (no amulet)
HPRegen  0.17/turn              h - +4 ring of evasion
MPRegen  0.11/turn              n - ring of protection from cold

@: no status effects
A: fangs 1, strong nose, distributed training
a: Evoke Invisibility


You were on level 4 of the Dungeon.
You visited 1 branch of the dungeon, and saw 4 of its levels.

You collected 95 gold pieces.

Inventory:

Hand Weapons
 a - a +0 war axe (weapon)
Missiles
 k - 93 stones (quivered)
Armour
 b - a +0 scale mail (worn)
 c - a +0 kite shield (worn)
 f - a scarf of invisibility (worn)
 o - a +1 pair of gloves (worn)
 p - a +0 helmet (worn)
Jewellery
 h - a +4 ring of evasion (left hand)
 n - a ring of protection from cold (right hand)
Scrolls
 i - a scroll of vulnerability
Potions
 d - a potion of might
 e - 2 potions of flight {unknown}
 g - 3 potions of lignification {unknown}
 j - 2 potions of brilliance {unknown}
 l - 3 potions of curing {unknown}
 m - 2 potions of heal wounds {unknown}
 q - a potion of ambrosia {unknown}
 r - a potion of berserk rage {unknown}


   Skills:
 + Level 6.8 Fighting
 + Level 1.8 Short Blades
 + Level 1.8 Long Blades
 + Level 4.9 Axes
 + Level 1.8 Maces & Flails
 + Level 1.8 Polearms
 + Level 1.8 Staves
 + Level 1.8 Slings
 + Level 1.8 Bows
 + Level 1.8 Crossbows
 + Level 1.8 Throwing
 + Level 6.8 Armour
 + Level 1.8 Dodging
 + Level 1.8 Stealth
 + Level 6.8 Shields
 + Level 1.8 Unarmed Combat
 + Level 1.8 Spellcasting
 + Level 1.4 Conjurations
 + Level 1.4 Hexes
 + Level 1.4 Summonings
 + Level 1.4 Necromancy
 + Level 1.4 Translocations
 + Level 1.4 Transmutations
 + Level 1.4 Fire Magic
 + Level 1.4 Ice Magic
 + Level 1.4 Air Magic
 + Level 1.4 Earth Magic
 + Level 1.4 Poison Magic
 + Level 2.0 Invocations
 + Level 1.8 Evocations


You had 8 spell levels left.
You didn't know any spells.
Your spell library contained the following spells:

 Spells                   Type           Power      Damage    Failure   Level
 Iskenderun's Battlesphe  Conj           3%         2d6       100%        5
 Iron Shot                Conj/Erth      1%         9d1       100%        6
 Spellforged Servitor     Conj/Summ      1%         N/A       100%        7


Dungeon Overview and Level Annotations

Branches:
Dungeon (4/15)
 Temple: D:4-7

Altars:
Trog

Shops:
D:3 *


Innate Abilities, Weirdness & Mutations

You have very sharp teeth.
Your uncanny sense of smell can sniff out nearby items.
Your experience applies equally to all skills.


Message History

No target in view!
No target in view!
Unknown command.
No target in view!
The steam dragon bites you but does no damage.
You block the steam dragon's attack. The steam dragon misses you.
You block the steam dragon's attack.
You hit the steam dragon.
The steam dragon is lightly wounded.
The steam dragon breathes steam at you. The ball of steam misses you.
The steam dragon breathes steam at you. The ball of steam hits you!
You hit the steam dragon. Your bite misses the steam dragon.
The steam dragon is moderately wounded.
You are engulfed in a cloud of scalding steam.
The steam dragon closely misses you. x2
You closely miss the steam dragon.
The steam dragon is moderately wounded.
You are engulfed in a cloud of scalding steam.
The steam dragon misses you. The steam dragon claws you.
You hit the steam dragon.
The steam dragon is moderately wounded.
You are engulfed in a cloud of scalding steam.
The steam dragon barely misses you. You block the steam dragon's attack.
The steam dragon bites you. The steam dragon closely misses you.
You hit the steam dragon but do no damage.
The steam dragon is moderately wounded.
The steam dragon bites you. The steam dragon claws you.
You slash the steam dragon! You bite the steam dragon.
The steam dragon is severely wounded.
The steam dragon breathes steam at you. The ball of steam hits you!
* * * LOW HITPOINT WARNING * * *
The steam dragon bites you but does no damage.
The steam dragon barely misses you.
You slash the steam dragon!
The steam dragon is almost dead.
You are engulfed in a cloud of scalding steam.
You die...

โˆ†
###########.#
โˆ†
..D..ยง......#
#####D#
###....@#
##...#####
##..### #..##
โˆ†
#######.########
................
####.##.########
#.#..# #...##


You could see a steam dragon (catching breath).

Vanquished Creatures
  A vampire bat (D:3)
  Natasha (thrice) (D:3)
  2 adders
  2 dart slugs
  3 fire bats (D:3)
  2 spectral bats (D:3)
  7 ball pythons
  10 bats
  3 bat skeletons (D:3)
  A bat zombie (D:3)
  4 endoplasms
  A giant cockroach (D:3)
  6 goblins
  5 hobgoblins
  5 jackals
  2 kobolds (D:3)
  3 quokkas
  A bat simulacrum (D:3)
  2 frilled lizards
  5 rats
68 creatures vanquished.

Vanquished Creatures (others)
  A kobold (D:1)
1 creature vanquished.

Grand Total: 69 creatures vanquished

Notes
Turn   | Place    | Note
-------+----------+-------------------------------------------
     0 | D:1      | zeram the Gnoll Fighter began the quest for the Orb.
     0 | D:1      | Reached XP level 1. HP: 23/23 MP: 1/1
    88 | D:1      | Reached XP level 2. HP: 6/29 MP: 2/2
   711 | D:1      | Found a faded altar of an unknown god.
  1134 | D:2      | Reached XP level 3. HP: 33/35 MP: 3/3
  1732 | D:3      | Found a bloodstained altar of Trog.
  1750 | D:3      | Reached skill level 1 in Invocations
  2043 | D:3      | Found Faloymp's Assorted Antiques.
  2074 | D:3      | Reached skill level 1 in Short Blades
  2074 | D:3      | Reached skill level 1 in Long Blades
  2074 | D:3      | Reached skill level 1 in Maces & Flails
  2074 | D:3      | Reached skill level 1 in Polearms
  2074 | D:3      | Reached skill level 1 in Staves
  2074 | D:3      | Reached skill level 1 in Slings
  2074 | D:3      | Reached skill level 1 in Bows
  2074 | D:3      | Reached skill level 1 in Crossbows
  2074 | D:3      | Reached skill level 1 in Throwing
  2074 | D:3      | Reached skill level 1 in Dodging
  2074 | D:3      | Reached skill level 1 in Stealth
  2074 | D:3      | Reached skill level 1 in Unarmed Combat
  2074 | D:3      | Reached skill level 1 in Spellcasting
  2074 | D:3      | Reached skill level 1 in Evocations
  2087 | D:3      | Noticed Natasha
  2095 | D:3      | Killed Natasha
  2096 | D:3      | Reached XP level 4. HP: 22/41 MP: 5/5
  2254 | D:3      | Noticed Natasha
  2262 | D:3      | Killed Natasha
  2263 | D:3      | Reached skill level 1 in Conjurations
  2263 | D:3      | Reached skill level 1 in Hexes
  2263 | D:3      | Reached skill level 1 in Summonings
  2263 | D:3      | Reached skill level 1 in Necromancy
  2263 | D:3      | Reached skill level 1 in Translocations
  2263 | D:3      | Reached skill level 1 in Transmutations
  2263 | D:3      | Reached skill level 1 in Fire Magic
  2263 | D:3      | Reached skill level 1 in Ice Magic
  2263 | D:3      | Reached skill level 1 in Air Magic
  2263 | D:3      | Reached skill level 1 in Earth Magic
  2263 | D:3      | Reached skill level 1 in Poison Magic
  2287 | D:3      | Noticed Natasha
  2299 | D:3      | Killed Natasha
  2300 | D:3      | Reached XP level 5. HP: 40/47 MP: 5/7
  2944 | D:3      | Reached XP level 6. HP: 51/53 MP: 8/8
  3088 | D:4      | Noticed a steam dragon
  3102 | D:4      | Engulfed by a steam dragon's steam

Illustrated notes

Levels and vault maps discovered:
D:1:      minmay_arrival_arboretum_small, layout_basic,
          ebering_ecumenical_altar_hall
D:2:      wander_river, layout_loops_ring
D:3:      layout_basic, trog_hazing_becter, serial_shops, shop, goddamned_bats,
          uniq_natasha
D:4:      minmay_door_path, layout_rooms, grunt_temple_overflow_open,
          nicolae_overflow_crystal_walls, corexii_shack

Skill      XL: |  1  2  3  4  5 |
---------------+----------------+-----
Invocations    | 1 2 |  2.0
Short Blades   | 1 |  1.8
Long Blades    | 1 |  1.8
Maces & Flails | 1 |  1.8
Polearms       | 1 |  1.8
Staves         | 1 |  1.8
Slings         | 1 |  1.8
Bows           | 1 |  1.8
Crossbows      | 1 |  1.8
Throwing       | 1 |  1.8
Dodging        | 1 |  1.8
Stealth        | 1 |  1.8
Unarmed Combat | 1 |  1.8
Spellcasting   | 1 |  1.8
Evocations     | 1 |  1.8
Conjurations   | 1 |  1.4
Hexes          | 1 |  1.4
Summonings     | 1 |  1.4
Necromancy     | 1 |  1.4
Translocations | 1 |  1.4
Transmutations | 1 |  1.4
Fire Magic     | 1 |  1.4
Ice Magic      | 1 |  1.4
Air Magic      | 1 |  1.4
Earth Magic    | 1 |  1.4
Poison Magic   | 1 |  1.4
Fighting       | |  6.8
Axes           | |  4.9
Armour         | |  6.8
Shields        | |  6.8

Action                   |  1- 3 |  4- 6 || total
-------------------------+-------+-------++-------
Melee: War axe           |    92 |    98 ||   190
       Bite              |     5 |     8 ||    13
 Abil: Evoke Invisibilit |     1 |       ||     1
  Use: Scroll            |     3 |     2 ||     5
Armor: Scale mail        |    49 |    63 ||   112
Dodge: Dodged            |    50 |    81 ||   131
Block: Kite shield       |    66 |    91 ||   157
